 Dungeon Crawl Stone Soup version 0.25-a0-591-g2ad0d86 (webtiles) character file.

Game seed: 12483584130826767536, levelgen mode: deterministic

220 MrTaco21 the Cudgeler (level 5, -3/32 HPs)
             Began as a Gargoyle Fighter on Mar 13, 2020.
             Killed from afar by Natasha (6 damage)
             ... with a magic dart
             ... on level 3 of the Dungeon.
             The game lasted 00:03:14 (1659 turns).

MrTaco21 the Cudgeler (Gargoyle Fighter)            Turns: 1659, Time: 00:03:14

Health: -3/32      AC: 12    Str: 22    XL:     5   Next: 97%
Magic:  5/5        EV:  7    Int:  9    God:
Gold:   124        SH:  9    Dex:  9    Spells: 4/4 levels left

rFire    . . .     SeeInvis .   a - +0 flail
rCold    . . .     Gourm    .   c - +0 kite shield
rNeg     + . .     Faith    .   b - +0 scale mail
rPois    ∞         Spirit   .   (no helmet)
rElec    +         Reflect  .   (no cloak)
rCorr    .         Harm     .   n - +0 pair of gloves
MR       .....                  (no boots)
Stlth    ..........             (no amulet)
HPRegen  0.10/turn              l - +2 ring of strength
MPRegen  0.09/turn              (no ring)

@: slowed, very slow
A: negative energy resistance 1, electricity resistance, unbreathing,
petrification resistance, rot immunity, AC +4
a: no special abilities


You were on level 3 of the Dungeon.
You were not hungry.

You visited 1 branch of the dungeon, and saw 3 of its levels.

You collected 124 gold pieces.

Inventory:

Hand Weapons
 a - a +0 flail (weapon)
Armour
 b - a +0 scale mail (worn)
 c - a +0 kite shield (worn)
 n - a +0 pair of gloves (worn)
   (You found it on level 2 of the Dungeon)
Jewellery
 l - a +2 ring of strength (left hand)
   (You found it on level 2 of the Dungeon)
Wands
 p - a wand of polymorph (12)
   (You took it off Jessica on level 3 of the Dungeon)
Scrolls
 f - 4 scrolls of identify {unknown}
 g - 2 scrolls of remove curse {unknown}
 h - a scroll of immolation {unknown}
 j - a scroll of enchant weapon {unknown}
 k - a scroll of blinking {unknown}
 m - a scroll of enchant armour {unknown}
Potions
 d - a potion of might
 i - 2 potions of stabbing {unknown}
Comestibles
 e - 7 rations {!d}
 o - 2 chunks of flesh


   Skills:
 - Level 3.2 Fighting
 + Level 6.0 Maces & Flails
 - Level 3.2 Armour
 - Level 3.2 Shields


You had 4 spell levels left.
You didn't know any spells.
Your spell library was empty.

Dungeon Overview and Level Annotations

Branches:
Dungeon (3/15)

Altars:

Annotations:
D:3 Natasha


Innate Abilities, Weirdness & Mutations

You are resistant to torment.
Your stone body is resilient. (AC +4)
You are immune to poison.
You resist negative energy. (rN+)
You are resistant to electric shocks. (rElec)
You can survive without breathing.
You are immune to petrification.
You are immune to rotting.


Message History

You closely miss the adder. You block the adder's attack.
The adder bites you but does no damage.
Unknown command.
You sock the adder! The adder bites you but does no damage.
Unknown command.
You hit the adder.
You kill the adder!
Your Maces & Flails skill increases to level 6!
You start resting.
Natasha, Servant of Life and Death comes into view.
Natasha casts a spell.
Unknown command.
Natasha casts a spell at you.
You feel yourself slow down.
Things that are here:
a +0 dagger; a kobold corpse Natasha mumbles some strange words.
Unknown command.
The crimson imp blinks!
Natasha wildly gestures.
You feel disoriented. The white imp gestures at you.
The puff of frost hits you!
* * * LOW HITPOINT WARNING * * *
Some of the chunks of flesh in your inventory have rotted away.
You sock the white imp! The white imp barely misses you.
Natasha casts a spell.
The crimson imp blinks!
You block the white imp's attack.
Unknown command.
You thump the white imp!
You kill the white imp!
Natasha claws you but does no damage.
Unknown command.
You closely miss Natasha. Natasha claws you.
* * * LOW HITPOINT WARNING * * *
You block Natasha's attack.
You sock Natasha!
Natasha howls an incantation.
You feel troubled. Natasha claws you.
* * * LOW HITPOINT WARNING * * *
You block the crimson imp's attack. Natasha claws you.
* * * LOW HITPOINT WARNING * * *
You hit Natasha.
The crimson imp hits you but does no damage.
The crimson imp grins evilly.
You block Natasha's attack. You block the crimson imp's attack.
Natasha casts a spell at you. The magic dart hits you.
You die...

..#..###.#####.#
######..# .>...#
#.......# #..#
..#..###.#######
#####..#.###
..#......######
#..<.......#
..####...÷....#
#.###.####.# #.#
#...####(# #.# #.# .#
#...# #)# #.# #.# .#
#...####)#####.###.#
#...##...5h@5).....#
#...##.#.###............#
.......#.# #.#.##########
..##### #.# #.#.# #.#
#.#.# #.# #.#.. #.# #.###
#. #.#


You could see Natasha and 2 crimson imps.

Vanquished Creatures
  Jessica (D:3)
  Natasha (D:3)
  4 gnolls (D:3)
  6 adders
  2 dart slugs (D:1)
  3 worms
  A leopard gecko (D:1)
  3 giant cockroaches
  9 goblins
  10 hobgoblins
  3 jackals (D:3)
  5 kobolds
  2 quokkas
  5 bats
  9 frilled lizards
  5 rats
69 creatures vanquished.

Notes
Turn   | Place    | Note
-------+----------+-------------------------------------------
     0 | D:1      | MrTaco21 the Gargoyle Fighter began the quest for the Orb.
     0 | D:1      | Reached XP level 1. HP: 14/14 MP: 1/1
   131 | D:1      | Reached XP level 2. HP: 19/19 MP: 2/2
   204 | D:1      | Reached skill level 3 in Maces & Flails
   328 | D:1      | Reached XP level 3. HP: 21/23 MP: 3/3
   786 | D:2      | Reached skill level 4 in Maces & Flails
   858 | D:2      | Reached XP level 4. HP: 28/28 MP: 4/4
  1378 | D:3      | Noticed Natasha
  1382 | D:3      | Killed Natasha
  1382 | D:3      | Reached skill level 5 in Maces & Flails
  1382 | D:3      | Reached XP level 5. HP: 32/32 MP: 5/5
  1516 | D:3      | Noticed Jessica
  1549 | D:3      | Killed Jessica
  1581 | D:3      | Reached skill level 6 in Maces & Flails
  1650 | D:3      | Noticed Natasha
  1659 | D:3      | Killed from afar by Natasha

Levels and vault maps discovered:
D:1:      psy_arrival_basics, layout_loops_ring, st_stairs_13
D:2:      layout_rooms, first_ration
D:3:      layout_loops_ring, nrook_loot_triangle, grunt_ministairs_11,
          yredelemnul_altar_generic, uniq_jessica, uniq_natasha, uniq_purgy

Skill      XL: |  1  2  3  4  5 |
---------------+----------------+-----
Maces & Flails | 3 4 5 6 |  6.0
Fighting       | |  3.2
Armour         | |  3.2
Shields        | |  3.2

Action                   |  1- 3 |  4- 6 || total
-------------------------+-------+-------++-------
Melee: Flail             |   142 |   176 ||   318
  Eat: Chunk             |       |     3 ||     3
Armor: Scale mail        |    93 |    94 ||   187
Dodge: Dodged            |    53 |    47 ||   100
Block: Kite shield       |    86 |    82 ||   168

Table legend:
 A = Non-vault XP
 B = Vault XP
 C = Vault XP percentage of total XP
 D = Non-vault monster count
 E = Vault monster count
 F = Vault count percentage of total count
                 A         B        C        D         E       F
            +---------+---------+-------+---------+---------+-------
      Total |     242 |      73 |  23.2 |      66 |       3 |   4.3
            +---------+---------+-------+---------+---------+-------
        D:1 |      38 |       1 |   2.6 |      19 |       1 |   5.0
        D:2 |      96 |       0 |   0.0 |      29 |       0 |   0.0
        D:3 |     108 |      72 |  40.0 |      18 |       2 |  10.0
            +---------+---------+-------+---------+---------+-------
